 Dungeon Crawl Stone Soup version 0.25-a0-737-g26c3a87c45 (webtiles) character file.

Game seed: 6316526159564801848, levelgen mode: classic

46 Amnesiac the Chiller (level 3, 0/25 (26) HPs)
             Began as a Ghoul Ice Elementalist on Apr 11, 2020.
             Slain by a bat (1 damage)
             ... on level 1 of the Dungeon.
             The game lasted 00:02:14 (566 turns).

Amnesiac the Chiller (Ghoul Ice Elementalist)        Turns: 566, Time: 00:02:14

HP:   0/25 (26)     AC:  2    Str: 11    XL:     3   Next: 66%
MP:   4/5           EV: 12    Int: 11    God:
Gold: 85            SH:  0    Dex:  9    Spells: 2/6 levels left

rFire    . . .     SeeInvis .   a - +0 short sword (venom)
rCold    + . .     Gourm    .   (no shield)
rNeg     + + +     Faith    .   l - +0 robe
rPois    ∞         Spirit   .   (no helmet)
rElec    .         Reflect  .   (no cloak)
rCorr    .         Harm     .   (no gloves)
MR       .....                  (no boots)
Stlth    ++........             (no amulet)
HPRegen  0.00/turn              (no ring)
MPRegen  0.09/turn              (no ring)

@: rotting
A: rotting body, claws 1, carnivore, cold resistance 1, negative energy
resistance 3, inhibited regeneration, torment resistance, unbreathing
a: no special abilities


You were on level 1 of the Dungeon.
You were not hungry.

You visited 1 branch of the dungeon, and saw 2 of its levels.

You collected 85 gold pieces.

Inventory:

Hand Weapons
 a - a +0 short sword of venom (weapon)
Missiles
 d - 6 poisoned darts (quivered)
Armour
 l - a +0 robe (worn)
Scrolls
 b - 2 scrolls of enchant armour {!r, unknown}
 h - a scroll of fog {!r, unknown}
 i - a scroll of magic mapping {!r, unknown}
 j - a scroll of amnesia {!r, unknown}
 k - a scroll of identify {!r, unknown}
Potions
 e - a potion of degeneration {!q, unknown}
 g - a potion of magic {!q, unknown}
Comestibles
 c - a ration
 f - 3 chunks of flesh


   Skills:
 - Level 1.7 Dodging
 - Level 2.1 Stealth
 + Level 2.3 Spellcasting
 * Level 5.4 Ice Magic


You had 2 spell levels left.
You knew the following spells:

 Your Spells              Type           Power        Failure   Level  Hunger
a - Freeze                Ice            ##..         3%          1    ##.....
b - Frozen Ramparts       Ice            ##....       9%          3    ####...

Your spell library contained the following spells:

 Spells                   Type           Power        Failure   Level  Hunger
 Ozocubu's Armour         Chrm/Ice       #.......     28%         3    ####...
 Hailstorm                Conj/Ice       #.......     67%         4    #####..
 Summon Ice Beast         Ice/Summ       #.......     67%         4    #####..


Dungeon Overview and Level Annotations

Branches:
Dungeon (2/15)

Altars:


Innate Abilities, Weirdness & Mutations

Your body is rotting away.
You thrive on raw meat.
You are immune to poison.
You have sharp fingernails.
You are carnivorous and can eat meat at any time.
Your flesh is cold resistant. (rC+)
You are immune to negative energy. (rN+++)
You do not regenerate when monsters are visible.
You are immune to unholy pain and torment.
You can survive without breathing.


Message History

Eat one of 5 chunks of flesh? (ye/n/q)
You eat one of the 5 chunks of flesh.
This raw flesh tastes great!
The ice beast closely misses you.
There is an escape hatch in the ceiling here.
The ice beast barely misses you. A mysterious force pulls you upwards.
The hatch slams shut behind you.
The goblin shouts!
A dart slug comes into view.
A goblin comes into view. It is wielding a +0 dagger.
The dart slug launches a dart at you. The slug dart misses you.
Found a ration.
The goblin shouts!
The goblin hits you with a cursed -2 club.
* * * LOW HITPOINT WARNING * * *
The dart slug closely misses you. The goblin completely misses you.
Eat one of 4 chunks of flesh? (ye/n/q)
You eat one of the 4 chunks of flesh.
This raw flesh tastes great!
The ice beast hits you.
* * * LOW HITPOINT WARNING * * *
The ice beast freezes you. You resist.
* * * LOW HITPOINT WARNING * * *
Casting: Frozen Ramparts (safe; 10% risk of failure)
Confirm with . or Enter, or press ? or * to list all spells.
The walls around you are covered in ice.
The wall freezes the goblin.
You kill the goblin!
The ice beast completely resists.
The wall freezes the ice beast but do no damage.
The ice beast completely misses you.
The wall freezes the goblin.
The ice beast completely resists.
The wall freezes the ice beast but do no damage.
The ice beast completely resists.
The wall freezes the ice beast but do no damage.
The wall freezes the dart slug.
The ice beast completely resists.
The wall freezes the ice beast but do no damage.
The ice beast completely resists.
The wall freezes the ice beast but do no damage.
The wall freezes the dart slug.
You kill the dart slug!
The frozen ramparts melt away.
The goblin drinks a potion.
The goblin is healed!
An ooze comes into view.
You feel your flesh rotting away.
The ooze quivers.
The ooze misses you. The bat closely misses you. The ooze hits you.
* * * LOW HITPOINT WARNING * * *
The bat closely misses you. The ooze misses you.
The bat hits you but does no damage. The bat closely misses you.
The bat misses you. The bat hits you.
* * * LOW HITPOINT WARNING * * *
The bat completely misses you. The bat barely misses you.
There is a stone staircase leading down here.
The bat hits you.
* * * LOW HITPOINT WARNING * * *
The bat hits you.
* * * LOW HITPOINT WARNING * * *
The bat hits you.
You die...

#...# #....
#...# #.#.#
#.g.# ###.#÷#
#...# ##...#..
#.J.# #..#####
#...# #.##
#Y..# #.#
#>b.# ###.#
##@#######.(.#
#.###.(...###
#...).#####
##..### #.##
#.# ###


You could see an ice beast, an ooze, a goblin and a bat.

Vanquished Creatures
  An adder (D:2)
  An ooze (D:1)
  A dart slug (D:1)
  A leopard gecko (D:1)
  2 giant cockroaches
  7 goblins (D:1)
  3 hobgoblins
  8 kobolds
  4 rats
28 creatures vanquished.

Notes
Turn   | Place    | Note
-------+----------+-------------------------------------------
     0 | D:1      | Amnesiac the Ghoul Ice Elementalist began the quest for the
                  | Orb.
     0 | D:1      | Reached XP level 1. HP: 14/14 MP: 2/2
   100 | D:1      | Reached XP level 2. HP: 18/20 MP: 1/3
   219 | D:1      | Reached skill level 5 in Ice Magic
   386 | D:1      | Reached XP level 3. HP: 26/26 MP: 3/5
   391 | D:1      | Learned a level 3 spell: Frozen Ramparts
   492 | D:2      | Noticed an ice beast
   565 | D:1      | HP: 1/25 [bat (1)]
   566 | D:1      | Slain by a bat

Levels and vault maps discovered:
D:1:      dpeg_arrival_more_subterranean_lakeside_camping, layout_rooms
D:2:      layout_rooms, serial_corexii_hall, corexii_hall_statues_i,
          corexii_hall_statues_i, uniq_terence, uniq_jessica

Skill      XL: |  1  2 |
---------------+-------+-----
Spellcasting   | 2 |  2.3
Ice Magic      | 5 |  5.4
Dodging        | |  1.7
Stealth        | |  2.1

Action                   || total
-------------------------++-------
Melee: Unarmed           ||    25
       Short sword       ||    18
Throw: Dart              ||     3
 Cast: Freeze            ||    25
       Frozen Ramparts   ||     2
  Eat: Chunk             ||    15
Armor: Robe              ||     9
Dodge: Dodged            ||    69

Table legend:
 A = Non-vault XP
 B = Vault XP
 C = Vault XP percentage of total XP
 D = Non-vault monster count
 E = Vault monster count
 F = Vault count percentage of total count
                 A         B        C        D         E       F
            +---------+---------+-------+---------+---------+-------
      Total |      66 |       0 |   0.0 |      28 |       0 |   0.0
            +---------+---------+-------+---------+---------+-------
        D:1 |      39 |       0 |   0.0 |      19 |       0 |   0.0
        D:2 |      27 |       0 |   0.0 |       9 |       0 |   0.0
            +---------+---------+-------+---------+---------+-------
